cohdb
Replays
Latest Replays
All Replays
Popular Replays
Top Player Replays
Match Explorer
How It Works
Community
CoH3 Stats
Reddit
Sign in to upload your games and track your stats! →
Sign in with Steam
Match 43114265
Unlisted
Match 43114265
Overview
Messages
Build Orders
End
Construct Infanterie Kompanie
Pioneer Squad
MG 42 Machine Gun Team
Grenadier Squad
Grenadier Squad
Infanterie Officer Quarters
MG 42 Machine Gun Team
Medical Station
Selects Luftwaffe Battlegroup
Selects Stuka Strafing Run
Selects Luftwaffe Pioneer Support
GrW 34 Mortar Team
Stuka Strafing Run
Fallschirmpioneer Squad Paradrop
Construct Panzergrenadier Kompanie
Selects Fallschirmjäger Squad Paradrop
Stuka Strafing Run
Fallschirmpioneer Squad Paradrop
Stuka Strafing Run
Panzergrenadier Squad
Stuka Strafing Run
Fallschirmpioneer Squad Paradrop
Pak 40 Anti-tank Gun Team
Selects LG40 Recoilless Gun Paradrop
Selects Stuka Loiter
MrSnooze
Fosters
0
0
Comments
sign in to comment!
No comments posted yet!